 Dungeon Crawl Stone Soup version 0.27-a0-394-g49c82dfaf2 (webtiles) character file.

Game seed: 18285917665436132763

1736 shmesh the Chopper (level 8, -9/94 HPs)
             Began as a Demonspawn Berserker on Feb 21, 2021.
             Was a Priest of Trog.
             Killed by divine providence
             ... invoked by an orc priest
              (12 damage)
             ... on level 6 of the Dungeon.
             The game lasted 00:21:31 (8215 turns).

shmesh the Chopper (Demonspawn Berserker)           Turns: 8215, Time: 00:21:31

Health: -9/94      AC: 24    Str: 17 (20) XL:     8   Next: 76%
Magic:  8/8        EV:  2    Int:  6 (8)  God:    Trog [***...]
Gold:   423        SH:  0    Dex: 11 (13) Spells: 7/7 levels left

rFire    . . .     SeeInvis +   a - +0 hand axe (vorpal)
rCold    . . .     Faith    .   (no shield)
rNeg     + + +     Spirit   .   (armour currently unavailable)
rPois    +         Reflect  .   (helmet currently unavailable)
rElec    .         Harm     .   (cloak currently unavailable)
rCorr    .         Rampage  .   (gloves currently unavailable)
Will     .....     Clarity  +   (boots currently unavailable) Stlth +.........NoTele +
                                l - amulet of magic regeneration
HPRegen  0.25/turn              (no ring)
MPRegen  0.36/turn              (no ring)

@: tree-form, berserk cooldown, slowed, very slow
A: see invisible, clarity, powered by pain 2
a: Renounce Religion, Berserk, Trog's Hand


You were on level 6 of the Dungeon.
You worshipped Trog.
Trog was most pleased with you.
You were a tree.
You visited 2 branches of the dungeon, and saw 7 of its levels.

You collected 423 gold pieces.

Inventory:

Hand Weapons
 a - a +0 vorpal hand axe (weapon)
Armour
 j - a +0 helmet
 t - a +0 cloak (melded)
 v - a +1 plate armour of poison resistance
 B - a +1 scale mail of cold resistance (melded)
Jewellery
 l - an amulet of magic regeneration (around neck)
Wands
 k - a wand of iceblast (15)
 y - a wand of mindburst (27)
Scrolls
 b - a scroll of random uselessness {unknown}
 d - 2 scrolls of immolation {unknown}
 e - 4 scrolls of identify {unknown}
 n - 2 scrolls of teleportation {unknown}
 q - a scroll of enchant armour {unknown}
 u - 2 scrolls of magic mapping {unknown}
 w - 2 scrolls of amnesia {unknown}
 A - 2 scrolls of fog {unknown}
Potions
 g - a potion of magic {unknown}
 h - 2 potions of might
 i - 2 potions of attraction {unknown}
 o - a potion of degeneration
 p - a potion of mutation
 x - a potion of haste {unknown}
 z - 3 potions of curing {unknown}


   Skills:
 + Level 5.6 Fighting
 + Level 7.5 Axes
 + Level 5.3 Armour
 + Level 3.6 Dodging
 + Level 0.7 Stealth


You had 7 spell levels left.
You didn't know any spells.
Your spell library contained the following spells:

 Spells                   Type           Power        Failure   Level
 Animate Dead             Necr           0%           99%         4
 Borgnjor's Vile Clutch   Necr/Erth      0%           100%        5
 Death Channel            Necr           0%           100%        6
 Simulacrum               Ice/Necr       0%           100%        6


Dungeon Overview and Level Annotations

Branches:
Dungeon (6/15)             Temple (1/1) D:6

Altars:
Ashenzari
Cheibriados
Dithmenos
Elyvilon
Fedhas
Gozag
Hepliaklqana
Kikubaaqudgha
Makhleb
Nemelex Xobeh
Okawaru
Qazlal
Ru
Sif Muna
Trog
Uskayaw
Vehumet
Wu Jian
Xom
Yredelemnul
Zin
The Shining One


Innate Abilities, Weirdness & Mutations

((You are mostly covered in yellow scales. (AC +3)))
You sometimes gain power by taking damage.
((You have a pair of small horns on your head.))
You have supernaturally acute eyesight. (SInv)
You possess an exceptional clarity of mind.


Message History

* * * LOW HITPOINT WARNING * * *
The orc closely misses you.
It was a potion of lignification.
You turn into a tree.
Your +0 cloak melds into your body.
Your +1 scale mail of cold resistance melds into your body.
You feel less resistant to cold.
Your roots penetrate the ground.
The orc wizard hits you but does no damage.
The orc hits you but does no damage.
The orc wizard hits you but does no damage.
The orc hits you but does no damage.
The orc warrior hits you but does no damage.
The orc wizard hits you but does no damage.
The orc hits you but does no damage.
The orc wizard hits you but does no damage.
You barely miss the orc warrior.
The orc warrior is moderately wounded.
You hit the orc.
You kill the orc!
Trog accepts your kill.
You closely miss the orc wizard.
You hit the orc wizard but do no damage.
The orc barely misses you.
The orc wizard hits you but does no damage.
The orc warrior hits you with a +0 flail!
* * * LOW HITPOINT WARNING * * *
The orc wizard hits you with a +0 dagger.
* * * LOW HITPOINT WARNING * * *
The orc priest hits you but does no damage.
You hit the orc priest but do no damage.
You hit the orc warrior but do no damage.
You barely miss the orc wizard.
You hit the orc wizard but do no damage.
The orc wizard hits you but does no damage.
The orc hits you but does no damage. The orc wizard casts a spell at you.
The puff of flame hits you but does no damage.
The orc warrior hits you but does no damage.
The orc priest mumbles some strange prayers to Beogh against you.
Beogh smites you!
You die...

.......#...###.............#
.......#...# #.#############
.......#...###............#
......>)(....'..>.......).#
......########............#
.........# #............#
########.# #............#
#.# ###############
#.####..o♣oooo...
#.##8..8oo8oo8...
#)#.....oo.o.....
#(†[.............
###..............
##8..8..8..8...
###........... ############


You could see an orc warrior, an orc priest, 2 orc wizards and 8 orcs.

Vanquished Creatures
  A sky beast (D:6)
  An orc warrior (D:6)
  An ice beast (D:6)
  2 ogres
  A centaur (D:5)
  2 bullfrogs (D:6)
  A phantom (D:6)
  A scorpion (D:5)
  2 howler monkeys (D:5)
  Crazy Yiuf (D:3)
  3 hounds
  3 orc priests
  A bullfrog skeleton (D:4)
  Terence (D:3)
  A gnoll shaman (D:5)
  5 orc wizards
  5 worker ants
  A hound zombie (D:5)
  A hound skeleton (D:5)
  8 gnolls
  8 adders
  3 white imps
  An ooze (D:3)
  6 worms
  A dart slug (D:3)
  5 leopard geckos
  31 orcs
  11 bats
  4 giant cockroaches
  5 goblins (D:2)
  9 hobgoblins
  11 jackals
  2 quokkas
  7 frilled lizards
  7 kobolds
  A leopard gecko zombie (D:5)
  4 rats
158 creatures vanquished.

Notes
Turn   | Place    | Note
-------+----------+-------------------------------------------
     0 | D:1      | shmesh the Demonspawn Berserker began the quest for the
                  | Orb.
     0 | D:1      | Reached XP level 1. HP: 18/18 MP: 1/1
   484 | D:1      | Gained mutation: You sometimes gain a little power by
                  | taking damage. [demonic ancestry]
   484 | D:1      | Reached XP level 2. HP: 24/24 MP: 2/2
   553 | D:1      | Reached skill level 3 in Axes
   850 | D:2      | Gained mutation: You are partially covered in yellow
                  | scales. (AC +2) [demonic ancestry]
   850 | D:2      | Reached XP level 3. HP: 27/29 MP: 3/3
  2655 | D:2      | Reached ** piety under Trog
  2656 | D:2      | Reached XP level 4. HP: 35/35 MP: 4/4
  2667 | D:2      | Found a bloodstained altar of Trog.
  2738 | D:2      | Reached skill level 4 in Axes
  2951 | D:2      | Reached XP level 5. HP: 42/42 MP: 5/5
  3174 | D:3      | You fall into a shaft and drop 3 floors!
  3289 | D:6      | Noticed an ice beast
  3317 | D:6      | Killed an ice beast
  3318 | D:6      | Reached skill level 5 in Axes
  3318 | D:6      | Gained mutation: You sometimes gain power by taking damage.
                  | [demonic ancestry]
  3318 | D:6      | Reached XP level 6. HP: 48/48 MP: 6/6
  3392 | D:5      | Entered Level 5 of the Dungeon
  4094 | D:3      | Noticed Terence
  4109 | D:3      | Killed Terence
  4110 | D:3      | Gained mutation: You are mostly covered in yellow scales.
                  | (AC +3) [demonic ancestry]
  4110 | D:3      | Reached XP level 7. HP: 55/55 MP: 7/7
  4420 | D:3      | Found a runed translucent door.
  4421 | D:3      | Noticed Crazy Yiuf
  4818 | D:3      | Killed Crazy Yiuf
  4965 | D:4      | Reached *** piety under Trog
  5080 | D:4      | Reached skill level 6 in Axes
  5864 | D:5      | HP: 2/55 [centaur (5)]
  6169 | D:5      | Reached XP level 8. HP: 60/61 MP: 8/8
  6403 | D:5      | Reached skill level 5 in Fighting
  7229 | D:6      | Reached skill level 7 in Axes
  7275 | D:6      | Found a runed translucent door.
  7296 | D:6      | Found a staircase to the Ecumenical Temple.
  7308 | Temple   | Entered the Ecumenical Temple
  7584 | D:6      | Found a white marble altar of Elyvilon.
  7584 | D:6      | Found a hide-covered altar of Uskayaw.
  7592 | D:6      | Found a shimmering blue altar of Sif Muna.
  7594 | D:6      | Found a glowing silver altar of Zin.
  7596 | D:6      | Found a hazy altar of Hepliaklqana.
  7726 | D:6      | Reached skill level 5 in Armour
  8212 | D:6      | Gained mutation: You have supernaturally acute eyesight.
                  | (SInv) [potion of mutation]
  8212 | D:6      | Gained mutation: You have a pair of small horns on your
                  | head. [potion of mutation]
  8212 | D:6      | Gained mutation: You possess an exceptional clarity of
                  | mind. [potion of mutation]
  8214 | D:6      | HP: 4/94 [orc warrior/+0 flail (11)]
  8215 | D:6      | Killed from afar by an orc priest

Illustrated notes

Levels and vault maps discovered:
D:1:      lightli_arrival_noodles, layout_basic, minmay_misc_feat_columns,
          minmay_tetromino_s2
D:2:      layout_loops_ring, bloody_trog
D:3:      layout_rooms, uniq_crazy_yiuf_cottage, uniq_terence
D:4:      layout_basic
D:5:      layout_loops_ring
D:6:      layout_basic, chequers_temple_overflow_minitemple,
          minmay_temple_entry_steel_oval, lightli_church_of_beogh
Temple:   eino_temple_rhombus

Skill      XL: |  1  2  3  4  5  6  7  8 |
---------------+-------------------------+-----
Axes           | 3 4 5 6 7 |  7.5
Armour         | 2 3 4 5 |  5.3
Dodging        | 2 3 |  3.6
Fighting       | 4 5 |  5.6
Stealth        | |  0.7

Action                   |  1- 3 |  4- 6 |  7- 9 || total
-------------------------+-------+-------+-------++-------
Melee: Hand axe          |   105 |   186 |   404 ||   695
Invok: Berserk           |     3 |     8 |    11 ||    22
       Trog's Hand       |       |       |     2 ||     2
  Use: Potion            |       |       |     4 ||     4
Armor: Ring mail         |    25 |    45 |       ||    70
       Animal skin       |     2 |       |       ||     2
       Scale mail        |       |    46 |   182 ||   228
       Skin              |       |       |    13 ||    13
Dodge: Dodged            |    65 |   102 |   194 ||   361

Table legend: (Time is in decaauts)
 A = Elapsed time spent in this place.
 B = Non-inter-level travel time spent in this place.
 C = Inter-level travel time spent in this place.
 D = Time resting spent in this place.
 E = Time spent auto-exploring this place.
 F = Levels seen in this place.
 G = Mean time per level.
                   A        B        C        D        E       F      G
               +--------+--------+--------+--------+--------+-----+--------+
         Total |   8419 |   8112 |    307 |   1489 |   5265 |   7 | 1202.7 |
       Dungeon |   8212 |   7924 |    288 |   1489 |   5078 |   6 | 1368.7 |
        Temple |    207 |    188 |     19 |      0 |    187 |   1 |  207.0 |
               +--------+--------+--------+--------+--------+-----+--------+

Top non-repeatable levels by time:
     D:2: 2454 daAuts
     D:5: 1375 daAuts
     D:4: 1203 daAuts
     D:3: 1155 daAuts
     D:6: 1117 daAuts
     D:1: 905 daAuts
  Temple: 207 daAuts
